| TOP OF THE 1ST |
|
Greenville Drive batting - Pitching for Beloit Snappers : RHP Jon Coakley
|
|
Pitching: RHP Jon Coakley
|
|
|
Batting: LHB John Buff
|
0-0: Ball 1-0: Swinging Strike 1-1: Called Strike 1-2: Ground out 4-3 (Groundball, 34D, EV 109.4 MPH)
|
|
Batting: LHB Carlos Guerra
|
0-0: Foul Ball, location: 2F 0-1: Called Strike 0-2: DOUBLE (Flyball, 8RXD, EV 108.8 MPH)
|
|
Batting: RHB Jim Hubbard
|
0-0: Ball 1-0: Called Strike 1-1: Ball 2-1: Swinging Strike 2-2: Ground out 3-1 (Groundball, 34, EV 88.1 MPH) Carlos Guerra to third
|
|
Batting: LHB Eddie Contreras
|
0-0: Ball 1-0: Foul Ball, location: 2F 1-1: Foul Ball, location: 2F 1-2: SINGLE (Line Drive, 9S, EV 111.2 MPH) Carlos Guerra scores
|
|
Batting: LHB Danny Montoya
|
0-0: Ball 1-0: Called Strike 1-1: Foul Ball, location: 2F 1-2: Foul Ball, location: 2F 1-2: Fly out, F8 (Flyball, 89D, EV 103.8 MPH)
|
| Top of the 1st over - 1 run, 2 hits, 0 errors, 1 left on base; Greenville 1 - Beloit 0 |
| BOTTOM OF THE 1ST |
|
Beloit Snappers batting - Pitching for Greenville Drive : RHP Cody Humphries
|
|
Pitching: RHP Cody Humphries
|
|
|
Batting: LHB Jeremy Brammer
|
0-0: Swinging Strike 0-1: Ball 1-1: Called Strike 1-2: Fly out, F6 (Popup, 6MD, EV 54.4 MPH)
|
|
Batting: RHB Min-chin Yi
|
0-0: Ball 1-0: Foul Ball, location: 2F 1-1: Swinging Strike 1-2: Ground out 6-3 (Groundball, 6, EV 80.6 MPH)
|
|
Batting: RHB Shannon Beck
|
0-0: Called Strike 0-1: Called Strike 0-2: Strikes out swinging
|
| Bottom of the 1st over - 0 runs, 0 hits, 0 errors, 0 left on base; Greenville 1 - Beloit 0 |
| TOP OF THE 2ND |
|
Greenville Drive batting - Pitching for Beloit Snappers : RHP Jon Coakley
|
|
Batting: RHB Tony Nunez
|
0-0: Ball 1-0: Ball 2-0: Fly out, F4 (Popup, 4S, EV 70.0 MPH)
|
|
Batting: RHB Bobby Schimke
|
0-0: Called Strike 0-1: Foul Ball, location: 2F 0-2: Fly out, F8 (Flyball, 8LM, EV 98.8 MPH)
|
|
Batting: RHB Paul Long
|
0-0: Ball 1-0: Ball 2-0: Ball 3-0: Called Strike 3-1: Fly out, F8 (Flyball, 8LM, EV 93.8 MPH)
|
| Top of the 2nd over - 0 runs, 0 hits, 0 errors, 0 left on base; Greenville 1 - Beloit 0 |
| BOTTOM OF THE 2ND |
|
Beloit Snappers batting - Pitching for Greenville Drive : RHP Cody Humphries
|
|
Batting: LHB Felipe Gomez
|
0-0: Ball 1-0: Foul Ball, location: 2F 1-1: Ball 2-1: Called Strike 2-2: Foul Ball, location: 2F 2-2: DOUBLE (Flyball, 8LXD, EV 96.2 MPH)
|
|
Batting: RHB Mike Gangi
|
0-0: Foul Ball, location: 2F 0-1: Ball 1-1: Ball 2-1: Foul Ball, location: 2F 2-2: Ball 3-2: Foul Ball, location: 2F 3-2: Foul Ball, location: 2F 3-2: Strikes out swinging
|
|
Batting: RHB Emiel Schlepers
|
0-0: Called Strike 0-1: Ball 1-1: Called Strike 1-2: Strikes out swinging
|
|
Batting: SHB Ivan Barry
|
0-0: Called Strike 0-1: Called Strike 0-2: Ball 1-2: Ball 2-2: DOUBLE (Groundball, 3L, EV 96.9 MPH) Felipe Gomez scores
|
|
Batting: RHB Clay Statum
|
0-0: Ball 1-0: Ground out 4-3 (Groundball, 34, EV 98.8 MPH)
|
| Bottom of the 2nd over - 1 run, 2 hits, 0 errors, 1 left on base; Greenville 1 - Beloit 1 |
| TOP OF THE 3RD |
|
Greenville Drive batting - Pitching for Beloit Snappers : RHP Jon Coakley
|
|
Batting: RHB Roger Mitchell
|
0-0: Ball 1-0: Ball 2-0: Foul Ball, location: 2F 2-1: Ball 3-1: Ground out 5-3 (Groundball, 56, EV 82.5 MPH)
|
|
Batting: LHB John Buff
|
0-0: Foul Ball, location: 2F 0-1: Swinging Strike 0-2: Ball 1-2: Ball 2-2: Ball 3-2: Strikes out swinging
|
|
Batting: LHB Carlos Guerra
|
0-0: Called Strike 0-1: Ball 1-1: Ball 2-1: Called Strike 2-2: Ball 3-2: Foul Ball, location: 2F 3-2: Fly out, F8 (Flyball, 8LD, EV 93.8 MPH)
|
| Top of the 3rd over - 0 runs, 0 hits, 0 errors, 0 left on base; Greenville 1 - Beloit 1 |
| BOTTOM OF THE 3RD |
|
Beloit Snappers batting - Pitching for Greenville Drive : RHP Cody Humphries
|
|
Batting: RHB Don Burt
|
0-0: Called Strike 0-1: SINGLE (Groundball, 6MD, EV 98.8 MPH)
|
|
Batting: LHB Jeremy Brammer
|
0-0: Fly out, F3 (Popup, 3L, EV 80.0 MPH)
|
|
Batting: RHB Min-chin Yi
|
0-0: Fly out, F9 (Flyball, 89D, EV 81.2 MPH)
|
|
Batting: RHB Shannon Beck
|
0-0: Ball 1-0: Foul Ball, location: 2F 1-1: Foul Ball, location: 2F 1-2: Ball 2-2: Foul Ball, location: 2F 2-2: Strikes out swinging
|
| Bottom of the 3rd over - 0 runs, 1 hit, 0 errors, 1 left on base; Greenville 1 - Beloit 1 |
| TOP OF THE 4TH |
|
Greenville Drive batting - Pitching for Beloit Snappers : RHP Jon Coakley
|
|
Batting: RHB Jim Hubbard
|
0-0: Called Strike 0-1: Ball 1-1: Foul Ball, location: 2F 1-2: Foul Ball, location: 2F 1-2: Ball 2-2: Foul Ball, location: 2F 2-2: Fly out, F8 (Flyball, 8RD, EV 93.1 MPH)
|
|
Batting: LHB Eddie Contreras
|
0-0: Ball 1-0: Foul Ball, location: 2F 1-1: Foul Ball, location: 2F 1-2: SINGLE (Groundball, 34D, EV 109.4 MPH)
|
|
Batting: LHB Danny Montoya
|
0-0: Ball 1-0: Ball 2-0: Fly out, F8 (Flyball, 89M, EV 86.2 MPH)
|
|
Batting: RHB Tony Nunez
|
0-0: Ball 1-0: Foul Ball, location: 2F 1-1: SINGLE (Line Drive, 6D, EV 95.6 MPH) Eddie Contreras to second
|
|
Batting: RHB Bobby Schimke
|
0-0: Called Strike 0-1: Ball 1-1: Ground out 4-3 (Groundball, 4, EV 83.1 MPH)
|
| Top of the 4th over - 0 runs, 2 hits, 0 errors, 2 left on base; Greenville 1 - Beloit 1 |
| BOTTOM OF THE 4TH |
|
Beloit Snappers batting - Pitching for Greenville Drive : RHP Cody Humphries
|
|
Batting: LHB Felipe Gomez
|
0-0: Ball 1-0: Ball 2-0: Called Strike 2-1: Foul Ball, location: 2F 2-2: Fly out, F7 (Flyball, 7, EV 87.5 MPH)
|
|
Batting: RHB Mike Gangi
|
0-0: Called Strike 0-1: Called Strike 0-2: Ground out 4-3 (Groundball, 4S, EV 85.6 MPH)
|
|
Batting: RHB Emiel Schlepers
|
0-0: Called Strike 0-1: Foul Ball, location: 2F 0-2: Ball 1-2: Ball 2-2: Ball 3-2: Foul Ball, location: 2F 3-2: Base on Balls
|
|
Batting: SHB Ivan Barry
|
0-0: Called Strike 0-1: Ball 1-1: Ball 2-1: Swinging Strike 2-2: Ball 3-2: Ground out 1-3 (Groundball, 13S, EV 74.4 MPH)
|
| Bottom of the 4th over - 0 runs, 0 hits, 0 errors, 1 left on base; Greenville 1 - Beloit 1 |
| TOP OF THE 5TH |
|
Greenville Drive batting - Pitching for Beloit Snappers : RHP Jon Coakley
|
|
Batting: RHB Paul Long
|
0-0: Ball 1-0: Called Strike 1-1: Ball 2-1: Ball 3-1: Base on Balls
|
|
Batting: RHB Roger Mitchell
|
0-0: Ball 1-0: Swinging Strike 1-1: Foul Ball, location: 2F 1-2: Strikes out swinging
|
|
Batting: LHB John Buff
|
0-0: Fly out, F6 (Line Drive, 6, EV 75.0 MPH)
|
|
Batting: LHB Carlos Guerra
|
0-0: Ball 1-0: Ground out 4-3 (Groundball, 34, EV 108.8 MPH)
|
| Top of the 5th over - 0 runs, 0 hits, 0 errors, 1 left on base; Greenville 1 - Beloit 1 |
| BOTTOM OF THE 5TH |
|
Beloit Snappers batting - Pitching for Greenville Drive : RHP Cody Humphries
|
|
Batting: RHB Clay Statum
|
0-0: Ball 1-0: Called Strike 1-1: Called Strike 1-2: Strikes out swinging
|
|
Batting: RHB Don Burt
|
0-0: Ball 1-0: Swinging Strike 1-1: Ball 2-1: Swinging Strike 2-2: Foul Ball, location: 2F 2-2: Strikes out swinging
|
|
Batting: LHB Jeremy Brammer
|
0-0: Called Strike 0-1: Ball 1-1: Ball 2-1: Foul Ball, location: 2F 2-2: Ground out 4-3 (Groundball, 4, EV 90.6 MPH)
|
| Bottom of the 5th over - 0 runs, 0 hits, 0 errors, 0 left on base; Greenville 1 - Beloit 1 |
| TOP OF THE 6TH |
|
Greenville Drive batting - Pitching for Beloit Snappers : RHP Jon Coakley
|
|
Batting: RHB Jim Hubbard
|
0-0: Swinging Strike 0-1: Fly out, F8 (Flyball, 8LXD, EV 82.5 MPH)
|
|
Batting: LHB Eddie Contreras
|
0-0: Called Strike 0-1: Ball 1-1: Swinging Strike 1-2: Foul Ball, location: 2F 1-2: Ball 2-2: Ball 3-2: Fly out, F8 (Flyball, 8RD, EV 83.8 MPH)
|
|
Batting: LHB Danny Montoya
|
0-0: Ball 1-0: Called Strike 1-1: Ground out 4-3 (Groundball, 4, EV 78.8 MPH)
|
| Top of the 6th over - 0 runs, 0 hits, 0 errors, 0 left on base; Greenville 1 - Beloit 1 |
| BOTTOM OF THE 6TH |
|
Beloit Snappers batting - Pitching for Greenville Drive : RHP Cody Humphries
|
|
Batting: RHB Min-chin Yi
|
0-0: Ball 1-0: Called Strike 1-1: Ball 2-1: Ball 3-1: Base on Balls
|
|
Batting: RHB Shannon Beck
|
0-0: Ball 1-0: Ball 2-0: Ball 3-0: Base on Balls Min-chin Yi to second
|
|
Pitching: LHP Jason Salzer
|
|
|
Pinch Hitting: RHB Andrew Nicol
|
0-0: Ball 1-0: Foul Ball, location: 2F 1-1: Ball 2-1: SINGLE (Groundball, 6MD, EV 101.2 MPH) Min-chin Yi to third Shannon Beck to second Runner from 3rd tries for Home, SAFE, throw by CF to home
|
|
Batting: RHB Mike Gangi
|
0-0: SINGLE (Line Drive, 9S, EV 94.4 MPH) Shannon Beck to third Andrew Nicol to second
|
|
Batting: RHB Emiel Schlepers
|
0-0: Ball 1-0: Foul Ball, location: 2F 1-1: Ball 2-1: Swinging Strike 2-2: Grounds into fielders choice 5-2 (Groundball, 5, EV 85.0 MPH) Andrew Nicol to third Mike Gangi to second
|
|
Batting: SHB Ivan Barry
|
0-0: Called Strike 0-1: Swinging Strike 0-2: Foul Ball, location: 2F 0-2: Ball 1-2: Strikes out swinging
|
|
Batting: RHB Clay Statum
|
0-0: Swinging Strike Passed Ball! Andrew Nicol scores Mike Gangi to third Emiel Schlepers to second 0-1: Ball 1-1: Called Strike 1-2: Foul Ball, location: 2F 1-2: Strikes out swinging
|
| Bottom of the 6th over - 2 runs, 2 hits, 0 errors, 2 left on base; Greenville 1 - Beloit 3 |
| TOP OF THE 7TH |
|
Greenville Drive batting - Pitching for Beloit Snappers : RHP Jon Coakley
|
|
Pitching: RHP John Harrell
|
|
|
Now in LF: Alan Bianchard
|
|
|
Now in CF: Min-chin Yi
|
|
|
Batting: RHB Tony Nunez
|
0-0: Ball 1-0: Foul Ball, location: 2F 1-1: Ground out 4-3 (Groundball, 4S, EV 70.0 MPH)
|
|
Batting: RHB Bobby Schimke
|
0-0: Ball 1-0: Called Strike 1-1: Fly out, F8 (Line Drive, 8RD, EV 84.4 MPH)
|
|
Batting: RHB Paul Long
|
0-0: Swinging Strike 0-1: Swinging Strike 0-2: Ball 1-2: Strikes out looking
|
| Top of the 7th over - 0 runs, 0 hits, 0 errors, 0 left on base; Greenville 1 - Beloit 3 |
| BOTTOM OF THE 7TH |
|
Beloit Snappers batting - Pitching for Greenville Drive : LHP Jason Salzer
|
|
Pitching: RHP Paul Carter
|
|
|
Batting: RHB Don Burt
|
0-0: Called Strike 0-1: Ball 1-1: Called Strike 1-2: Strikes out looking
|
|
Pitching: LHP Rob Hymowitz
|
|
|
Batting: LHB Jeremy Brammer
|
0-0: Foul Ball, location: 2F 0-1: Ground out 6-3 (Groundball, 6, EV 89.4 MPH)
|
|
Pitching: RHP Adrian Colorado
|
|
|
Batting: RHB Min-chin Yi
|
0-0: Swinging Strike 0-1: Fly out, F8 (Flyball, 8LM, EV 85.6 MPH)
|
| Bottom of the 7th over - 0 runs, 0 hits, 0 errors, 0 left on base; Greenville 1 - Beloit 3 |
| TOP OF THE 8TH |
|
Greenville Drive batting - Pitching for Beloit Snappers : RHP John Harrell
|
|
Pitching: LHP Alex Villagran
|
|
|
Now at C: Don Burt
|
|
|
Now at 1B: Miguel Maymi
|
|
|
Now at 2B: Ivan Barry
|
|
|
Now in RF: Mike Gangi
|
|
|
Batting: RHB Roger Mitchell
|
0-0: Foul Ball, location: 2F 0-1: Foul Ball, location: 2F 0-2: Strikes out swinging
|
|
Pinch Hitting: RHB Alex Cardenas
|
0-0: Ball 1-0: Ball 2-0: Called Strike 2-1: SINGLE (Groundball, 4, EV 96.9 MPH)
|
|
Batting: LHB Carlos Guerra
|
0-0: Fly out, F6 (Popup, 6M, EV 70.6 MPH)
|
|
Batting: RHB Jim Hubbard
|
0-0: Called Strike 0-1: Ball 1-1: SINGLE (Groundball, 6MD, EV 100.6 MPH) Alex Cardenas to second
|
|
Pinch Runner at 2nd Mike Rosa:
|
|
|
Batting: LHB Eddie Contreras
|
0-0: Ball 1-0: Ball 2-0: Fly out, F8 (Flyball, 8RXD, EV 107.5 MPH)
|
| Top of the 8th over - 0 runs, 2 hits, 0 errors, 2 left on base; Greenville 1 - Beloit 3 |
| BOTTOM OF THE 8TH |
|
Beloit Snappers batting - Pitching for Greenville Drive : RHP Adrian Colorado
|
|
Now in LF: Mike Rosa
|
|
|
Now in CF: Carlos Guerra
|
|
|
Batting: RHB Shannon Beck
|
0-0: Ball 1-0: Ball 2-0: Called Strike 2-1: Called Strike 2-2: Ball 3-2: Ground out 3-1 (Groundball, 34, EV 84.4 MPH)
|
|
Batting: LHB Alan Bianchard
|
0-0: Ground out 5-3 (Groundball, 56, EV 110.0 MPH)
|
|
Batting: RHB Mike Gangi
|
0-0: Swinging Strike 0-1: Ground out 6-3 (Groundball, 56D, EV 95.0 MPH)
|
| Bottom of the 8th over - 0 runs, 0 hits, 0 errors, 0 left on base; Greenville 1 - Beloit 3 |
| TOP OF THE 9TH |
|
Greenville Drive batting - Pitching for Beloit Snappers : LHP Alex Villagran
|
|
Pitching: RHP Tony Contreras
|
|
|
Batting: LHB Danny Montoya
|
0-0: Ball 1-0: Foul Ball, location: 2F 1-1: Ball 2-1: Ball 3-1: Called Strike 3-2: Base on Balls
|
|
Pinch Hitting: SHB Robert Soto
|
0-0: Called Strike 0-1: Ball 1-1: Swinging Strike 1-2: Ball 2-2: Ball 3-2: Fly out, F5 (Line Drive, 5L, EV 71.2 MPH)
|
|
Batting: RHB Bobby Schimke
|
0-0: Ball 1-0: Ball 2-0: DOUBLE (Flyball, 8LXD, EV 105.0 MPH) Danny Montoya to third
|
|
Batting: RHB Paul Long
|
0-0: Ball 1-0: Foul Ball, location: 2F 1-1: Foul Ball, location: 2F 1-2: Ball 2-2: Ball 3-2: Strikes out swinging
|
|
Pinch Hitting: RHB Adugna Chandu
|
0-0: Ball 1-0: Ball 2-0: Ball 3-0: Base on Balls
|
|
Batting: RHB Mike Rosa
|
0-0: Called Strike 0-1: Ball 1-1: Called Strike 1-2: Ball 2-2: Strikes out swinging
|
| Top of the 9th over - 0 runs, 1 hit, 0 errors, 3 left on base; Greenville 1 - Beloit 3 |
|